 Dungeon Crawl Stone Soup version 0.26-a0-651-gb41185065b (webtiles) character file.

Game seed: 13523829007067948306

3734 kae the Grappler (level 9, -3/96 HPs)
             Began as a White Draconian Transmuter on Oct 23, 2020.
             Was a Believer of Uskayaw.
             Slain by a gnoll
             ... wielding a +0 whip
              (9 damage)
             ... on level 6 of the Dungeon.
             The game lasted 00:09:14 (10208 turns).

kae the Grappler (White Draconian Transmuter)      Turns: 10208, Time: 00:09:14

Health: -3/96      AC:  2    Str: 16    XL:     9   Next: 92%
Magic:  12/13      EV: 19    Int: 14    God:    Uskayaw [**....]
Gold:   459        SH:  0    Dex: 16    Spells: 3/14 levels left

rFire    . . .     SeeInvis .     - Unarmed
rCold    . . .     Faith    .   (shield currently unavailable)
rNeg     . . .     Spirit   .   (armour unavailable)
rPois    .         Reflect  .   (helmet currently unavailable)
rElec    .         Harm     .   (cloak currently unavailable)
rCorr    .         Rampage  .   (gloves currently unavailable)
MR       .....                  (boots currently unavailable)
Stlth    ..........             c - amulet of magic regeneration
HPRegen  0.26/turn              l - ring of poison resistance
MPRegen  0.38/turn              k - +4 ring of protection

@: berserking (expiring), spider-form, corroded, very quick
A: tiny, (breathe frost), unfitting armour, AC +7
a: End Transformation, Stomp, Line Pass, Renounce Religion


You were on level 6 of the Dungeon.
You worshipped Uskayaw.
Uskayaw was noncommittal.
You were a venomous arachnid creature.
You visited 1 branch of the dungeon, and saw 7 of its levels.
You also visited: Sewer.

You collected 459 gold pieces.

Inventory:

Jewellery
 c - an amulet of magic regeneration (around neck)
 k - a +4 ring of protection (right front leg)
 l - a ring of poison resistance (left front leg)
 o - an uncursed ring of positive energy
 u - an uncursed ring of positive energy
Wands
 e - a wand of acid (5)
 s - a wand of polymorph (17)
 v - a wand of flame (2)
 w - a wand of disintegration (13)
 y - a wand of digging (7)
Scrolls
 d - 2 scrolls of amnesia
 f - 4 scrolls of blinking
 g - 2 scrolls of teleportation
 h - 2 scrolls of remove curse
 n - 4 scrolls of enchant weapon
 p - 2 scrolls of magic mapping
 t - 3 scrolls of identify
Potions
 a - 2 potions of brilliance
 b - 2 potions of magic
 i - a potion of berserk rage
 j - 3 potions of might
 m - a potion of haste
 q - a potion of cancellation
 r - a potion of curing
 x - 2 potions of mutation


   Skills:
 - Level 1.1 Fighting
 - Level 1.7 Dodging
 * Level 11.7 Unarmed Combat
 + Level 3.0 Spellcasting
 + Level 8.3 Transmutations


You had 3 spell levels left.
You knew the following spells:

 Your Spells              Type           Power        Failure   Level
a - Beastly Appendage     Tmut           ####..       4%          1
b - Wereblood             Tmut           ####....     5%          2
c - Spider Form           Tmut/Pois      ##........   28%         3
d - Blade Hands           Tmut           ####......   38%         5

Your spell library contained the following spells:

 Spells                   Type           Power        Failure   Level
 Magic Dart               Conj           #...         43%         1
 Blink                    Tloc           N/A          54%         2
 Call Imp                 Summ           #.......     54%         2
 Slow                     Hex            #.......     54%         2
 Conjure Flame            Conj/Fire      #.......     75%         3
 Mephitic Cloud           Conj/Pois/Air  #.......     75%         3
 Ice Form                 Ice/Tmut       ##......     58%         4


Dungeon Overview and Level Annotations

Branches:
Dungeon (7/15)             Temple (0/1) D:6           Sewer (visited)

Altars:
Ashenzari
Hepliaklqana
Sif Muna
Uskayaw
Yredelemnul

Annotations:
D:6 5 runed translucent doors, 1 transporter, p0werm0de's ghost, novice MiCK
D:7 1 runed translucent door, 1 exclusion, Apogee's ghost, novice MiCK


Innate Abilities, Weirdness & Mutations

((You can breathe waves of freezing cold.))
((You can buffet flying creatures when you breathe cold.))
((Your icy white scales are hard. (AC +7)))
You cannot fit into any form of body armour.
((Your flesh is cold resistant. (rC+)))
((You are cold-blooded and may be slowed by cold attacks.))


Message History

You kill the gnoll!
The gnoll shaman completely misses you. The gnoll hits you with a +0 whip.
You maul the gnoll shaman!!
You kill the gnoll shaman!
The gnoll sergeant closely misses you. The gnoll misses you.
P0werm0de's ghost hits you!
* * * LOW HITPOINT WARNING * * *
You can now pass through a line of other dancers.
The gnoll hits you with a +0 whip.
* * * LOW HITPOINT WARNING * * *
Things that are here:
a +0 spear; a gnoll corpse You feel a strong urge to attack something.
The gnoll sergeant completely misses you.
The gnoll zaps a wand.
The bolt of acid hits you!
* * * LOW HITPOINT WARNING * * *
The acid corrodes you!
You are splashed with acid!
* * * LOW HITPOINT WARNING * * *
The gnoll hits you with a +0 whip!
You die...

#..≈≈#####...........#####≈≈....
#..≈≈#.#.#.###.©.###.#W#g#≈≈.#..
#..≈≈#g..###g#####g###...#≈≈.##+
#..≈≈###....g..........###≈≈....
#..≈≈.8#.##'###g######.#8.≈≈....
#..≈≈.##.#...#.)8# ##.≈≈....
##..≈≈.#..'...ggWg# ' .#.≈≈....
....≈≈.##.#...#g)8# .# ##.≈≈...#
....≈≈.8#.##'###s######.#8.≈≈...#
....≈≈###...............###≈≈...+
..#.≈≈#...###©#####.###...#≈≈...#
..#.≈≈#g#.#.###.©.###.#g#g#≈≈...#
..#.≈≈#####...........#####≈≈....
....≈≈≈≈≈≈≈≈≈≈≈...≈≈≈≈≈≈≈≈≈≈≈....
....≈≈≈≈≈≈≈≈≈≈≈...≈≈≈≈≈≈≈≈≈≈≈....
.................................
...###..+#.........######.####'##


You could see 2 gnoll sergeants, p0werm0de's ghost and 3 gnolls.

Vanquished Creatures
  Sigmund (D:4)
  A wraith (D:7)
  A soldier ant (D:7)
  2 orc warriors (D:7)
  3 sky beasts
  3 ice beasts
  3 phantoms
  2 ogres
  3 centaurs
  A crocodile (D:7)
  7 bullfrogs
  2 scorpions (D:5)
  9 wights
  A howler monkey (D:7)
  A jelly (D:7)
  6 orc priests
  A hound (D:6)
  An orc wizard (D:7)
  3 centaur skeletons
  A gnoll shaman (D:6)
  A bullfrog skeleton (D:6)
  Ijyb (D:3)
  2 iguanas
  A worker ant (D:5)
  3 hound skeletons
  A howler monkey zombie (D:7)
  2 worker ant zombies (D:7)
  A gnoll (D:6)
  9 adders
  A shadow imp (D:7)
  A white imp (D:7)
  2 ufetubi (D:5)
  2 oozes
  An adder skeleton (D:4)
  A worm (D:4)
  3 dart slugs
  9 leopard geckos
  27 orcs
  21 giant cockroaches
  12 goblins
  A hobgoblin (D:3)
  8 jackals
  11 kobolds
  5 quokkas
  4 ball pythons
  5 bats
  6 frilled lizards
  A jackal skeleton (D:3)
  A leopard gecko skeleton (D:5)
  A leopard gecko zombie (D:5)
  14 rats
  A spectral orc (D:7)
211 creatures vanquished.

Vanquished Creatures (others)
  6 plants (D:6)
6 creatures vanquished.

Grand Total: 217 creatures vanquished

Notes
Turn   | Place    | Note
-------+----------+-------------------------------------------
     0 | D:1      | kae the Draconian Transmuter began the quest for the Orb.
     0 | D:1      | Reached XP level 1. HP: 16/16 MP: 3/3
   277 | D:1      | Reached XP level 2. HP: 18/23 MP: 3/5
  1072 | D:1      | Reached XP level 3. HP: 26/28 MP: 4/6
  1167 | D:1      | Reached skill level 4 in Unarmed Combat
  1367 | D:1      | Noticed an ogre
  1367 | D:1      | Noticed an ogre
  1367 | D:1      | Noticed an ogre
  1370 | D:1      | Noticed an ogre
  1460 | D:2      | Learned a level 2 spell: Wereblood
  1464 | D:2      | Learned a level 3 spell: Spider Form
  1483 | D:2      | Found a hide-covered altar of Uskayaw.
  1499 | D:2      | Became a worshipper of Uskayaw the Reveler
  1587 | D:2      | Reached * piety under Uskayaw
  1602 | D:2      | Noticed a bullfrog
  1910 | D:2      | Reached ** piety under Uskayaw
  2074 | D:2      | Killed a bullfrog
  2074 | D:2      | Reached XP level 4. HP: 29/35 MP: 5/7
  2289 | D:3      | Reached skill level 5 in Unarmed Combat
  2289 | D:3      | Reached XP level 5. HP: 29/40 MP: 8/8
  2396 | D:3      | Noticed Ijyb
  2457 | D:3      | Noticed a phantom
  2463 | D:3      | Killed Ijyb
  2819 | D:3      | Killed a phantom
  3014 | D:3      | Reached XP level 6. HP: 46/47 MP: 9/9
  3041 | D:3      | Found a shimmering blue altar of Sif Muna.
  3380 | D:3      | Found a hazy altar of Hepliaklqana.
  3508 | D:4      | Noticed Sigmund
  3519 | D:4      | Killed Sigmund
  3519 | D:4      | Reached skill level 6 in Unarmed Combat
  3847 | D:4      | Your scales start taking on an icy white colour.
  3847 | D:4      | Reached XP level 7. HP: 52/52 MP: 2/10
  3847 | D:4      | Gained mutation: Your flesh is cold resistant. (rC+) [White
                  | Draconian growth]
  3918 | D:4      | Reached skill level 7 in Unarmed Combat
  4221 | D:5      | Entered Level 5 of the Dungeon
  4259 | D:5      | Reached skill level 5 in Transmutations
  4615 | D:5      | Found a glowing drain.
  4624 | Sewer    | Entered a sewer
  4898 | Sewer    | Reached skill level 8 in Unarmed Combat
  4900 | Sewer    | Reached XP level 8. HP: 22/59 MP: 11/11
  5446 | D:5      | Reached *** piety under Uskayaw
  5552 | D:5      | Found a broken altar of Ashenzari.
  6027 | D:5      | Found a shimmering blue altar of Sif Muna.
  6136 | D:5      | Reached skill level 9 in Unarmed Combat
  6972 | D:6      | Found a staircase to the Ecumenical Temple.
  6998 | D:6      | Found a runed translucent door.
  6998 | D:6      | Found a runed translucent gate.
  6998 | D:6      | Found a runed translucent gate.
  7009 | D:6      | Found a runed translucent door.
  7011 | D:6      | Found the +9 staff of Olgreb {rPois∞}
  7042 | D:6      | Found a runed translucent gate.
  7142 | D:6      | Reached skill level 10 in Unarmed Combat
  7322 | D:6      | Reached XP level 9. HP: 64/64 MP: 4/12
  7356 | D:6      | Found a transporter.
  7357 | D:6      | Found a transporter.
  7416 | D:6      | Noticed p0werm0de's ghost (novice MiCK)
  7425 | D:6      | Identified the +0 trident "Exaoxk Idwos" {vamp, rPois rF+
                  | Str+4}
  7425 | D:6      | Identified the +2 buckler of the Great Game {*Drain rElec
                  | rF+ rC+}
  7797 | D:7      | Found a runed translucent door.
  7798 | D:7      | Noticed Apogee's ghost (novice MiCK)
  7880 | D:7      | Learned a level 5 spell: Blade Hands
  8091 | D:7      | Found a basalt altar of Yredelemnul.
  8357 | D:7      | Reached **** piety under Uskayaw
  8373 | D:7      | Reached ***** piety under Uskayaw
  9115 | D:7      | Reached skill level 11 in Unarmed Combat
 10208 | D:6      | Slain by a gnoll

Illustrated notes

Levels and vault maps discovered:
D:1:      erik_arrival_cave_to_civilisation [erik_arrival_cave_to_temple],
          layout_basic
D:2:      layout_rooms, nicolae_overflow_crystal_walls
D:3:      layout_rooms, marbit_many_paths, old_standard_altar,
          kennysheep_generic_room_5, uniq_ijyb
D:4:      layout_basic, uniq_sigmund
D:5:      layout_loops_ring, evilmike_ruin_ashenzari, gup_sewer_entry_pipe,
          lemuel_tele_altar
D:6:      layout_gridville, minmay_temple_entry_wispy,
          gammafunk_ghost_gnarly_gnolls, minmay_guarded_unrand_staff_of_olgreb
D:7:      minmay_blocky_corners, layout_loops_cross,
          yredelemnul_forgotten_temple_becter, ebering_ghost_inner_flame,
          minivault_1, minmay_quadrilaterals

Skill      XL: |  1  2  3  4  5  6  7  8  9 |
---------------+----------------------------+-----
Unarmed Combat | 4 5 6 8 10 11 | 11.7
Transmutations | 3 4 5 7 8 |  8.3
Spellcasting   | 3 |  3.0
Fighting       | |  1.1
Dodging        | |  1.7

Action                   |  1- 3 |  4- 6 |  7- 9 || total
-------------------------+-------+-------+-------++-------
Melee: Unarmed           |   131 |   137 |   441 ||   709
       Tailslap          |     9 |    13 |    24 ||    46
       Headbutt          |     6 |    12 |    14 ||    32
       Kick              |     5 |    14 |    19 ||    38
       Punch             |     1 |     2 |     6 ||     9
 Cast: Beastly Appendage |    21 |    16 |    18 ||    55
       Spider Form       |     1 |     4 |    38 ||    43
Invok: Stomp             |       |     1 |       ||     1
 Abil: Breathe Frost     |       |       |     2 ||     2
  Use: Scroll            |     4 |     8 |    10 ||    22
       Potion            |     1 |       |     4 ||     5
 Stab: Sleeping          |     1 |     2 |     1 ||     4
       Paralysed         |       |       |    10 ||    10
Armor: Skin              |    54 |    54 |   107 ||   215
Dodge: Dodged            |    90 |    89 |   320 ||   499

Table legend: (Time is in decaauts)
 A = Elapsed time spent in this place.
 B = Non-inter-level travel time spent in this place.
 C = Inter-level travel time spent in this place.
 D = Time resting spent in this place.
 E = Time spent auto-exploring this place.
 F = Levels seen in this place.
 G = Mean time per level.
                   A        B        C        D        E       F      G
               +--------+--------+--------+--------+--------+-----+--------+
         Total |  10208 |   9860 |    348 |   1078 |   7109 |   8 | 1276.0 |
       Dungeon |   9427 |   9079 |    348 |   1072 |   6488 |   7 | 1346.7 |
         Sewer |    780 |    780 |      0 |      6 |    621 |   1 |  780.0 |
               +--------+--------+--------+--------+--------+-----+--------+

Top non-repeatable levels by time:
     D:7: 2418 daAuts
     D:5: 1717 daAuts
     D:1: 1653 daAuts
     D:6: 1119 daAuts
     D:3: 970 daAuts
     D:2: 843 daAuts
   Sewer: 780 daAuts
     D:4: 704 daAuts
